%YAML 1.1
%TAG !u! tag:unity3d.com,2011:
--- !u!1 &5545067514837595165
GameObject:
  m_ObjectHideFlags: 0
  m_CorrespondingSourceObject: {fileID: 0}
  m_PrefabInstance: {fileID: 0}
  m_PrefabAsset: {fileID: 0}
  serializedVersion: 6
  m_Component:
  - component: {fileID: 7498461859727341461}
  m_Layer: 7
  m_Name: DamageableTarget
  m_TagString: Untagged
  m_Icon: {fileID: 0}
  m_NavMeshLayer: 0
  m_StaticEditorFlags: 0
  m_IsActive: 1
--- !u!4 &7498461859727341461
Transform:
  m_ObjectHideFlags: 0
  m_CorrespondingSourceObject: {fileID: 0}
  m_PrefabInstance: {fileID: 0}
  m_PrefabAsset: {fileID: 0}
  m_GameObject: {fileID: 5545067514837595165}
  m_LocalRotation: {x: 0, y: 0, z: 0, w: 1}
  m_LocalPosition: {x: 0, y: 2.82, z: 0}
  m_LocalScale: {x: 1, y: 1, z: 1}
  m_ConstrainProportionsScale: 0
  m_Children: []
  m_Father: {fileID: 4345186285234608140}
  m_RootOrder: 1
  m_LocalEulerAnglesHint: {x: 0, y: 0, z: 0}
--- !u!1 &6421203694406207485
GameObject:
  m_ObjectHideFlags: 0
  m_CorrespondingSourceObject: {fileID: 0}
  m_PrefabInstance: {fileID: 0}
  m_PrefabAsset: {fileID: 0}
  serializedVersion: 6
  m_Component:
  - component: {fileID: 2596238313667340296}
  m_Layer: 7
  m_Name: Visual
  m_TagString: Untagged
  m_Icon: {fileID: 0}
  m_NavMeshLayer: 0
  m_StaticEditorFlags: 0
  m_IsActive: 1
--- !u!4 &2596238313667340296
Transform:
  m_ObjectHideFlags: 0
  m_CorrespondingSourceObject: {fileID: 0}
  m_PrefabInstance: {fileID: 0}
  m_PrefabAsset: {fileID: 0}
  m_GameObject: {fileID: 6421203694406207485}
  m_LocalRotation: {x: 0, y: 0, z: 0, w: 1}
  m_LocalPosition: {x: 0, y: 0, z: 0}
  m_LocalScale: {x: 1, y: 1, z: 1}
  m_ConstrainProportionsScale: 0
  m_Children:
  - {fileID: 8895460292827621841}
  - {fileID: 7936407067754959396}
  m_Father: {fileID: 4345186285234608140}
  m_RootOrder: 0
  m_LocalEulerAnglesHint: {x: 0, y: 0, z: 0}
--- !u!1 &9098217077842424226
GameObject:
  m_ObjectHideFlags: 0
  m_CorrespondingSourceObject: {fileID: 0}
  m_PrefabInstance: {fileID: 0}
  m_PrefabAsset: {fileID: 0}
  serializedVersion: 6
  m_Component:
  - component: {fileID: 4345186285234608140}
  - component: {fileID: 4345186285234608130}
  - component: {fileID: 1944834676708279241}
  - component: {fileID: 1836667318084090909}
  - component: {fileID: 4345186285234608131}
  - component: {fileID: 408396990014924657}
  m_Layer: 7
  m_Name: Building
  m_TagString: Untagged
  m_Icon: {fileID: 0}
  m_NavMeshLayer: 0
  m_StaticEditorFlags: 0
  m_IsActive: 1
--- !u!4 &4345186285234608140
Transform:
  m_ObjectHideFlags: 0
  m_CorrespondingSourceObject: {fileID: 0}
  m_PrefabInstance: {fileID: 0}
  m_PrefabAsset: {fileID: 0}
  m_GameObject: {fileID: 9098217077842424226}
  m_LocalRotation: {x: 0, y: 0, z: 0, w: 1}
  m_LocalPosition: {x: 0, y: 0, z: 0}
  m_LocalScale: {x: 1.3, y: 1.3, z: 1.3}
  m_ConstrainProportionsScale: 0
  m_Children:
  - {fileID: 2596238313667340296}
  - {fileID: 7498461859727341461}
  - {fileID: 22086180796356430}
  m_Father: {fileID: 0}
  m_RootOrder: 0
  m_LocalEulerAnglesHint: {x: 0, y: 0, z: 0}
--- !u!114 &4345186285234608130
MonoBehaviour:
  m_ObjectHideFlags: 0
  m_CorrespondingSourceObject: {fileID: 0}
  m_PrefabInstance: {fileID: 0}
  m_PrefabAsset: {fileID: 0}
  m_GameObject: {fileID: 9098217077842424226}
  m_Enabled: 1
  m_EditorHideFlags: 0
  m_Script: {fileID: 11500000, guid: b98c3e6c45a74612901a3dc3d39f813f, type: 3}
  m_Name: 
  m_EditorClassIdentifier: 
  _visual: {fileID: 6421203694406207485}
  _damageableTarget: {fileID: 7498461859727341461}
  _healthBarView: {fileID: 1802259472794681772}
  _animator: {fileID: 8086449169614861162}
  _highlighting: {fileID: 3969164419440972660}
--- !u!135 &1944834676708279241
SphereCollider:
  m_ObjectHideFlags: 0
  m_CorrespondingSourceObject: {fileID: 0}
  m_PrefabInstance: {fileID: 0}
  m_PrefabAsset: {fileID: 0}
  m_GameObject: {fileID: 9098217077842424226}
  m_Material: {fileID: 0}
  m_IsTrigger: 1
  m_Enabled: 1
  serializedVersion: 2
  m_Radius: 7
  m_Center: {x: 0, y: -0.5, z: 0}
--- !u!114 &1836667318084090909
MonoBehaviour:
  m_ObjectHideFlags: 0
  m_CorrespondingSourceObject: {fileID: 0}
  m_PrefabInstance: {fileID: 0}
  m_PrefabAsset: {fileID: 0}
  m_GameObject: {fileID: 9098217077842424226}
  m_Enabled: 1
  m_EditorHideFlags: 0
  m_Script: {fileID: 11500000, guid: 82c2c5fe74714e45a39eb864cfe63bda, type: 3}
  m_Name: 
  m_EditorClassIdentifier: 
  _squadView: {fileID: 4150334323518513060}
--- !u!114 &4345186285234608131
MonoBehaviour:
  m_ObjectHideFlags: 0
  m_CorrespondingSourceObject: {fileID: 0}
  m_PrefabInstance: {fileID: 0}
  m_PrefabAsset: {fileID: 0}
  m_GameObject: {fileID: 9098217077842424226}
  m_Enabled: 1
  m_EditorHideFlags: 0
  m_Script: {fileID: 11500000, guid: 931affe298764cdebf61cec1013536ce, type: 3}
  m_Name: 
  m_EditorClassIdentifier: 
  _config:
    Position: {x: 0, y: 0, z: 0}
    Rotation: {x: 0, y: 0, z: 0, w: 0}
    Health: 150
--- !u!114 &408396990014924657
MonoBehaviour:
  m_ObjectHideFlags: 0
  m_CorrespondingSourceObject: {fileID: 0}
  m_PrefabInstance: {fileID: 0}
  m_PrefabAsset: {fileID: 0}
  m_GameObject: {fileID: 9098217077842424226}
  m_Enabled: 1
  m_EditorHideFlags: 0
  m_Script: {fileID: 11500000, guid: 312fbccf85eb49a192045d6e76a6300e, type: 3}
  m_Name: 
  m_EditorClassIdentifier: 
  _spawnPoint: {fileID: 7936407067754959396}
--- !u!1001 &3434542962680545422
PrefabInstance:
  m_ObjectHideFlags: 0
  serializedVersion: 2
  m_Modification:
    m_TransformParent: {fileID: 872730330873992825}
    m_Modifications:
    - target: {fileID: 1782506957098341370, guid: acb6ad0adba69b749938ce65ea50939f,
        type: 3}
      propertyPath: m_Name
      value: Highlight
      objectReference: {fileID: 0}
    - target: {fileID: 2605415205049894558, guid: acb6ad0adba69b749938ce65ea50939f,
        type: 3}
      propertyPath: m_RootOrder
      value: 1
      objectReference: {fileID: 0}
    - target: {fileID: 2605415205049894558, guid: acb6ad0adba69b749938ce65ea50939f,
        type: 3}
      propertyPath: m_LocalScale.x
      value: 0.9999999
      objectReference: {fileID: 0}
    - target: {fileID: 2605415205049894558, guid: acb6ad0adba69b749938ce65ea50939f,
        type: 3}
      propertyPath: m_LocalScale.y
      value: 0.9999999
      objectReference: {fileID: 0}
    - target: {fileID: 2605415205049894558, guid: acb6ad0adba69b749938ce65ea50939f,
        type: 3}
      propertyPath: m_LocalScale.z
      value: 0.9999999
      objectReference: {fileID: 0}
    - target: {fileID: 2605415205049894558, guid: acb6ad0adba69b749938ce65ea50939f,
        type: 3}
      propertyPath: m_LocalPosition.x
      value: 0
      objectReference: {fileID: 0}
    - target: {fileID: 2605415205049894558, guid: acb6ad0adba69b749938ce65ea50939f,
        type: 3}
      propertyPath: m_LocalPosition.y
      value: -0.79999995
      objectReference: {fileID: 0}
    - target: {fileID: 2605415205049894558, guid: acb6ad0adba69b749938ce65ea50939f,
        type: 3}
      propertyPath: m_LocalPosition.z
      value: 0
      objectReference: {fileID: 0}
    - target: {fileID: 2605415205049894558, guid: acb6ad0adba69b749938ce65ea50939f,
        type: 3}
      propertyPath: m_LocalRotation.w
      value: 1
      objectReference: {fileID: 0}
    - target: {fileID: 2605415205049894558, guid: acb6ad0adba69b749938ce65ea50939f,
        type: 3}
      propertyPath: m_LocalRotation.x
      value: -0
      objectReference: {fileID: 0}
    - target: {fileID: 2605415205049894558, guid: acb6ad0adba69b749938ce65ea50939f,
        type: 3}
      propertyPath: m_LocalRotation.y
      value: -0
      objectReference: {fileID: 0}
    - target: {fileID: 2605415205049894558, guid: acb6ad0adba69b749938ce65ea50939f,
        type: 3}
      propertyPath: m_LocalRotation.z
      value: -0
      objectReference: {fileID: 0}
    - target: {fileID: 2605415205049894558, guid: acb6ad0adba69b749938ce65ea50939f,
        type: 3}
      propertyPath: m_LocalEulerAnglesHint.x
      value: 0
      objectReference: {fileID: 0}
    - target: {fileID: 2605415205049894558, guid: acb6ad0adba69b749938ce65ea50939f,
        type: 3}
      propertyPath: m_LocalEulerAnglesHint.y
      value: 0
      objectReference: {fileID: 0}
    - target: {fileID: 2605415205049894558, guid: acb6ad0adba69b749938ce65ea50939f,
        type: 3}
      propertyPath: m_LocalEulerAnglesHint.z
      value: 0
      objectReference: {fileID: 0}
    m_RemovedComponents: []
  m_SourcePrefab: {fileID: 100100000, guid: acb6ad0adba69b749938ce65ea50939f, type: 3}
--- !u!1 &3969164419440972660 stripped
GameObject:
  m_CorrespondingSourceObject: {fileID: 1782506957098341370, guid: acb6ad0adba69b749938ce65ea50939f,
    type: 3}
  m_PrefabInstance: {fileID: 3434542962680545422}
  m_PrefabAsset: {fileID: 0}
--- !u!1001 &4830897112080559156
PrefabInstance:
  m_ObjectHideFlags: 0
  serializedVersion: 2
  m_Modification:
    m_TransformParent: {fileID: 2596238313667340296}
    m_Modifications:
    - target: {fileID: 3254136027910684175, guid: f0c24246c0a692b41848dfbf92a22feb,
        type: 3}
      propertyPath: m_Name
      value: EnemyHealthBar
      objectReference: {fileID: 0}
    - target: {fileID: 3254136027910684176, guid: f0c24246c0a692b41848dfbf92a22feb,
        type: 3}
      propertyPath: m_Pivot.x
      value: 0.5
      objectReference: {fileID: 0}
    - target: {fileID: 3254136027910684176, guid: f0c24246c0a692b41848dfbf92a22feb,
        type: 3}
      propertyPath: m_Pivot.y
      value: 0.5
      objectReference: {fileID: 0}
    - target: {fileID: 3254136027910684176, guid: f0c24246c0a692b41848dfbf92a22feb,
        type: 3}
      propertyPath: m_RootOrder
      value: 1
      objectReference: {fileID: 0}
    - target: {fileID: 3254136027910684176, guid: f0c24246c0a692b41848dfbf92a22feb,
        type: 3}
      propertyPath: m_AnchorMax.x
      value: 0.5
      objectReference: {fileID: 0}
    - target: {fileID: 3254136027910684176, guid: f0c24246c0a692b41848dfbf92a22feb,
        type: 3}
      propertyPath: m_AnchorMax.y
      value: 0.5
      objectReference: {fileID: 0}
    - target: {fileID: 3254136027910684176, guid: f0c24246c0a692b41848dfbf92a22feb,
        type: 3}
      propertyPath: m_AnchorMin.x
      value: 0.5
      objectReference: {fileID: 0}
    - target: {fileID: 3254136027910684176, guid: f0c24246c0a692b41848dfbf92a22feb,
        type: 3}
      propertyPath: m_AnchorMin.y
      value: 0.5
      objectReference: {fileID: 0}
    - target: {fileID: 3254136027910684176, guid: f0c24246c0a692b41848dfbf92a22feb,
        type: 3}
      propertyPath: m_SizeDelta.x
      value: 4.24
      objectReference: {fileID: 0}
    - target: {fileID: 3254136027910684176, guid: f0c24246c0a692b41848dfbf92a22feb,
        type: 3}
      propertyPath: m_SizeDelta.y
      value: 0.72
      objectReference: {fileID: 0}
    - target: {fileID: 3254136027910684176, guid: f0c24246c0a692b41848dfbf92a22feb,
        type: 3}
      propertyPath: m_LocalPosition.x
      value: 0
      objectReference: {fileID: 0}
    - target: {fileID: 3254136027910684176, guid: f0c24246c0a692b41848dfbf92a22feb,
        type: 3}
      propertyPath: m_LocalPosition.y
      value: 0
      objectReference: {fileID: 0}
    - target: {fileID: 3254136027910684176, guid: f0c24246c0a692b41848dfbf92a22feb,
        type: 3}
      propertyPath: m_LocalPosition.z
      value: 0
      objectReference: {fileID: 0}
    - target: {fileID: 3254136027910684176, guid: f0c24246c0a692b41848dfbf92a22feb,
        type: 3}
      propertyPath: m_LocalRotation.w
      value: 1
      objectReference: {fileID: 0}
    - target: {fileID: 3254136027910684176, guid: f0c24246c0a692b41848dfbf92a22feb,
        type: 3}
      propertyPath: m_LocalRotation.x
      value: -0
      objectReference: {fileID: 0}
    - target: {fileID: 3254136027910684176, guid: f0c24246c0a692b41848dfbf92a22feb,
        type: 3}
      propertyPath: m_LocalRotation.y
      value: -0
      objectReference: {fileID: 0}
    - target: {fileID: 3254136027910684176, guid: f0c24246c0a692b41848dfbf92a22feb,
        type: 3}
      propertyPath: m_LocalRotation.z
      value: -0
      objectReference: {fileID: 0}
    - target: {fileID: 3254136027910684176, guid: f0c24246c0a692b41848dfbf92a22feb,
        type: 3}
      propertyPath: m_AnchoredPosition.x
      value: 0
      objectReference: {fileID: 0}
    - target: {fileID: 3254136027910684176, guid: f0c24246c0a692b41848dfbf92a22feb,
        type: 3}
      propertyPath: m_AnchoredPosition.y
      value: 12
      objectReference: {fileID: 0}
    - target: {fileID: 3254136027910684176, guid: f0c24246c0a692b41848dfbf92a22feb,
        type: 3}
      propertyPath: m_LocalEulerAnglesHint.x
      value: 0
      objectReference: {fileID: 0}
    - target: {fileID: 3254136027910684176, guid: f0c24246c0a692b41848dfbf92a22feb,
        type: 3}
      propertyPath: m_LocalEulerAnglesHint.y
      value: 0
      objectReference: {fileID: 0}
    - target: {fileID: 3254136027910684176, guid: f0c24246c0a692b41848dfbf92a22feb,
        type: 3}
      propertyPath: m_LocalEulerAnglesHint.z
      value: 0
      objectReference: {fileID: 0}
    m_RemovedComponents: []
  m_SourcePrefab: {fileID: 100100000, guid: f0c24246c0a692b41848dfbf92a22feb, type: 3}
--- !u!114 &1802259472794681772 stripped
MonoBehaviour:
  m_CorrespondingSourceObject: {fileID: 6487472806023343512, guid: f0c24246c0a692b41848dfbf92a22feb,
    type: 3}
  m_PrefabInstance: {fileID: 4830897112080559156}
  m_PrefabAsset: {fileID: 0}
  m_GameObject: {fileID: 0}
  m_Enabled: 1
  m_EditorHideFlags: 0
  m_Script: {fileID: 11500000, guid: c09413bf03e39ec419c5308c82cccf85, type: 3}
  m_Name: 
  m_EditorClassIdentifier: 
--- !u!224 &7936407067754959396 stripped
RectTransform:
  m_CorrespondingSourceObject: {fileID: 3254136027910684176, guid: f0c24246c0a692b41848dfbf92a22feb,
    type: 3}
  m_PrefabInstance: {fileID: 4830897112080559156}
  m_PrefabAsset: {fileID: 0}
--- !u!1001 &6186596924378691181
PrefabInstance:
  m_ObjectHideFlags: 0
  serializedVersion: 2
  m_Modification:
    m_TransformParent: {fileID: 4345186285234608140}
    m_Modifications:
    - target: {fileID: 5057894514074467725, guid: ab06cdc8d7761034981518cf905c7b87,
        type: 3}
      propertyPath: m_Name
      value: HostagesSquad
      objectReference: {fileID: 0}
    - target: {fileID: 5339701283583764693, guid: ab06cdc8d7761034981518cf905c7b87,
        type: 3}
      propertyPath: m_LocalEulerAnglesHint.x
      value: -87.52134
      objectReference: {fileID: 0}
    - target: {fileID: 5339701283583764693, guid: ab06cdc8d7761034981518cf905c7b87,
        type: 3}
      propertyPath: m_LocalEulerAnglesHint.y
      value: 8.068425
      objectReference: {fileID: 0}
    - target: {fileID: 5339701283583764693, guid: ab06cdc8d7761034981518cf905c7b87,
        type: 3}
      propertyPath: m_LocalEulerAnglesHint.z
      value: -13.696481
      objectReference: {fileID: 0}
    - target: {fileID: 6166908229249032483, guid: ab06cdc8d7761034981518cf905c7b87,
        type: 3}
      propertyPath: m_RootOrder
      value: 2
      objectReference: {fileID: 0}
    - target: {fileID: 6166908229249032483, guid: ab06cdc8d7761034981518cf905c7b87,
        type: 3}
      propertyPath: m_LocalPosition.x
      value: 5.52
      objectReference: {fileID: 0}
    - target: {fileID: 6166908229249032483, guid: ab06cdc8d7761034981518cf905c7b87,
        type: 3}
      propertyPath: m_LocalPosition.y
      value: 0
      objectReference: {fileID: 0}
    - target: {fileID: 6166908229249032483, guid: ab06cdc8d7761034981518cf905c7b87,
        type: 3}
      propertyPath: m_LocalPosition.z
      value: 0.69
      objectReference: {fileID: 0}
    - target: {fileID: 6166908229249032483, guid: ab06cdc8d7761034981518cf905c7b87,
        type: 3}
      propertyPath: m_LocalRotation.w
      value: 1
      objectReference: {fileID: 0}
    - target: {fileID: 6166908229249032483, guid: ab06cdc8d7761034981518cf905c7b87,
        type: 3}
      propertyPath: m_LocalRotation.x
      value: -0
      objectReference: {fileID: 0}
    - target: {fileID: 6166908229249032483, guid: ab06cdc8d7761034981518cf905c7b87,
        type: 3}
      propertyPath: m_LocalRotation.y
      value: -0
      objectReference: {fileID: 0}
    - target: {fileID: 6166908229249032483, guid: ab06cdc8d7761034981518cf905c7b87,
        type: 3}
      propertyPath: m_LocalRotation.z
      value: -0
      objectReference: {fileID: 0}
    - target: {fileID: 6166908229249032483, guid: ab06cdc8d7761034981518cf905c7b87,
        type: 3}
      propertyPath: m_LocalEulerAnglesHint.x
      value: 0
      objectReference: {fileID: 0}
    - target: {fileID: 6166908229249032483, guid: ab06cdc8d7761034981518cf905c7b87,
        type: 3}
      propertyPath: m_LocalEulerAnglesHint.y
      value: 0
      objectReference: {fileID: 0}
    - target: {fileID: 6166908229249032483, guid: ab06cdc8d7761034981518cf905c7b87,
        type: 3}
      propertyPath: m_LocalEulerAnglesHint.z
      value: 0
      objectReference: {fileID: 0}
    m_RemovedComponents: []
  m_SourcePrefab: {fileID: 100100000, guid: ab06cdc8d7761034981518cf905c7b87, type: 3}
--- !u!4 &22086180796356430 stripped
Transform:
  m_CorrespondingSourceObject: {fileID: 6166908229249032483, guid: ab06cdc8d7761034981518cf905c7b87,
    type: 3}
  m_PrefabInstance: {fileID: 6186596924378691181}
  m_PrefabAsset: {fileID: 0}
--- !u!4 &872730330873992825 stripped
Transform:
  m_CorrespondingSourceObject: {fileID: 6469344462658707476, guid: ab06cdc8d7761034981518cf905c7b87,
    type: 3}
  m_PrefabInstance: {fileID: 6186596924378691181}
  m_PrefabAsset: {fileID: 0}
--- !u!114 &4150334323518513060 stripped
MonoBehaviour:
  m_CorrespondingSourceObject: {fileID: 7801296734418840009, guid: ab06cdc8d7761034981518cf905c7b87,
    type: 3}
  m_PrefabInstance: {fileID: 6186596924378691181}
  m_PrefabAsset: {fileID: 0}
  m_GameObject: {fileID: 0}
  m_Enabled: 1
  m_EditorHideFlags: 0
  m_Script: {fileID: 11500000, guid: bd34b8f425e942399fef0f7d3ccab1cc, type: 3}
  m_Name: 
  m_EditorClassIdentifier: 
--- !u!1001 &7923361132553078148
PrefabInstance:
  m_ObjectHideFlags: 0
  serializedVersion: 2
  m_Modification:
    m_TransformParent: {fileID: 2596238313667340296}
    m_Modifications:
    - target: {fileID: 1623100138520292437, guid: 2e35ef6aa8fee4e4fb74825e288789cb,
        type: 3}
      propertyPath: m_RootOrder
      value: 0
      objectReference: {fileID: 0}
    - target: {fileID: 1623100138520292437, guid: 2e35ef6aa8fee4e4fb74825e288789cb,
        type: 3}
      propertyPath: m_LocalPosition.x
      value: 0
      objectReference: {fileID: 0}
    - target: {fileID: 1623100138520292437, guid: 2e35ef6aa8fee4e4fb74825e288789cb,
        type: 3}
      propertyPath: m_LocalPosition.y
      value: 0
      objectReference: {fileID: 0}
    - target: {fileID: 1623100138520292437, guid: 2e35ef6aa8fee4e4fb74825e288789cb,
        type: 3}
      propertyPath: m_LocalPosition.z
      value: 0
      objectReference: {fileID: 0}
    - target: {fileID: 1623100138520292437, guid: 2e35ef6aa8fee4e4fb74825e288789cb,
        type: 3}
      propertyPath: m_LocalRotation.w
      value: 0.7071068
      objectReference: {fileID: 0}
    - target: {fileID: 1623100138520292437, guid: 2e35ef6aa8fee4e4fb74825e288789cb,
        type: 3}
      propertyPath: m_LocalRotation.x
      value: 0
      objectReference: {fileID: 0}
    - target: {fileID: 1623100138520292437, guid: 2e35ef6aa8fee4e4fb74825e288789cb,
        type: 3}
      propertyPath: m_LocalRotation.y
      value: 0.7071068
      objectReference: {fileID: 0}
    - target: {fileID: 1623100138520292437, guid: 2e35ef6aa8fee4e4fb74825e288789cb,
        type: 3}
      propertyPath: m_LocalRotation.z
      value: 0
      objectReference: {fileID: 0}
    - target: {fileID: 1623100138520292437, guid: 2e35ef6aa8fee4e4fb74825e288789cb,
        type: 3}
      propertyPath: m_LocalEulerAnglesHint.x
      value: 0
      objectReference: {fileID: 0}
    - target: {fileID: 1623100138520292437, guid: 2e35ef6aa8fee4e4fb74825e288789cb,
        type: 3}
      propertyPath: m_LocalEulerAnglesHint.y
      value: 90
      objectReference: {fileID: 0}
    - target: {fileID: 1623100138520292437, guid: 2e35ef6aa8fee4e4fb74825e288789cb,
        type: 3}
      propertyPath: m_LocalEulerAnglesHint.z
      value: 0
      objectReference: {fileID: 0}
    - target: {fileID: 2147575274379933423, guid: 2e35ef6aa8fee4e4fb74825e288789cb,
        type: 3}
      propertyPath: m_Name
      value: Base_Destroyed
      objectReference: {fileID: 0}
    m_RemovedComponents: []
  m_SourcePrefab: {fileID: 100100000, guid: 2e35ef6aa8fee4e4fb74825e288789cb, type: 3}
--- !u!95 &8086449169614861162 stripped
Animator:
  m_CorrespondingSourceObject: {fileID: 2147575274379933422, guid: 2e35ef6aa8fee4e4fb74825e288789cb,
    type: 3}
  m_PrefabInstance: {fileID: 7923361132553078148}
  m_PrefabAsset: {fileID: 0}
--- !u!4 &8895460292827621841 stripped
Transform:
  m_CorrespondingSourceObject: {fileID: 1623100138520292437, guid: 2e35ef6aa8fee4e4fb74825e288789cb,
    type: 3}
  m_PrefabInstance: {fileID: 7923361132553078148}
  m_PrefabAsset: {fileID: 0}
